 Dungeon Crawl Stone Soup version bcrawl-1.15.1 (webtiles) character file.

Game seed: 8746381285405597800

6246 KristoblXynda the Cleaver (level 10, -3/109 HPs)
             Began as a Grey Draconian Skald on Sept 25, 2019.
             Was a Believer of Ashenzari.
             Slain by a killer bee (9 damage)
             ... on level 9 of the Dungeon.
             The game lasted 00:19:07 (10928 turns).

KristoblXynda the Cleaver (Grey Draconian Skald)   Turns: 10928, Time: 00:19:08

Health: -3/109     AC: 30    Str: 13    XL:     10   Next: 62%
Magic:  13/13      EV:  2    Int: 17    God:    Ashenzari [**....]
Gold:   425        SH:  5    Dex: 11    Spells: 9/13 levels left

rFire    . . .     SeeInvis .   u - +0 war axe (venom)
rCold    . . .     Gourm    .   g - +0 buckler (curse)
rNeg     + + +     Faith    .   (armour unavailable)
rPois    +         Spirit   .   (helmet currently unavailable)
rElec    .         Reflect  .   (cloak currently unavailable)
rCorr    .         Harm     .   (gloves currently unavailable)
MR       .....     NoTele   +   (boots currently unavailable)
Stlth    +.........             (no amulet)
HPRegen  0.28/turn              w - +5 ring of protection (curse)
MPRegen  0.13/turn              a - +2 ring of slaying (curse)

@: tree-form
A: (walk through water), unfitting armour, AC +12
a: Curse Item, Scrying, Renounce Religion


You were on level 9 of the Dungeon.
You worshipped Ashenzari.
Ashenzari was pleased with you.
You were not hungry.
You were a tree.
You visited 2 branches of the dungeon, and saw 10 of its levels.
You also visited: Ossuary.

You collected 771 gold pieces.
You spent 346 gold pieces at shops.

Inventory:

Hand Weapons
 u - a +0 war axe of venom (weapon)
 v - a +2 whip of venom
Armour
 g - a cursed +0 buckler (worn)
 k - a +0 pair of boots (melded)
 s - a cursed +1 pair of gloves (melded)
Jewellery
 a - a cursed +2 ring of slaying (right branch)
 o - a +4 ring of dexterity
 w - a cursed +5 ring of protection (left branch)
Wands
 x - a wand of paralysis (7)
Scrolls
 b - a scroll of amnesia
 c - a scroll of fear
 f - 2 scrolls of teleportation
 h - a scroll of blinking
 i - 4 scrolls of identify
 m - 2 scrolls of magic mapping
 n - 5 scrolls of remove curse
 p - a scroll of fog
 t - a scroll of enchant weapon
Potions
 e - 2 potions of cancellation
 j - 2 potions of magic
 q - a potion of might
 z - 2 potions of lignification
 A - a potion of haste
Comestibles
 d - 8 rations {!d}
 r - 5 chunks of flesh


   Skills:
 - Level 2.1 Fighting
 + Level 10.0 Axes
 + Level 7.8 Dodging
 + Level 4.0(5.4) Shields
 - Level 2.0 Spellcasting
 + Level 8.0(9.5) Charms
 - Level 3.6(5.0) Evocations


You had 9 spell levels left.
You knew the following spells:

 Your Spells              Type           Power        Failure   Level  Hunger
a - Infusion              Chrm           ####....     1%          1    #......
b - Regeneration          Chrm/Necr      ###.......   8%          3    ###....

Your spell library contained the following spells:

 Spells                   Type           Power        Failure   Level  Hunger
 Song of Slaying          Chrm           ####....     1%          2    ###....
 Ozocubu's Armour         Chrm/Ice       ###.....     8%          3    ###....
 Spectral Weapon          Hex/Chrm       ###.....     8%          3    ###....
 Beastly Appendage        Tmut           #.....       19%         1    #......


Dungeon Overview and Level Annotations

Branches:
Dungeon (9/12)             Temple (1/1) D:7            Lair (0/6) D:7
    Orc: D:8-11

Altars:
Ashenzari
Cheibriados
Dithmenos
Elyvilon
Fedhas
Gozag
Hepliaklqana
Kikubaaqudgha
Lugonu
Makhleb
Nemelex Xobeh
Okawaru
Qazlal
Ru
Sif Muna
Trog
Uskayaw
Vehumet
Wu Jian
Xom
Yredelemnul
Zin
The Shining One

Shops:
D:7 =!   D:8 *:?

Annotations:
D:8 3 runed translucent doors, Beaer's ghost, novice VSRg


Innate Abilities, Weirdness & Mutations

((You can walk through water.))
((Your dull iron-grey scales are very hard. (AC +12)))
You cannot fit into any form of body armour.
((You can survive without breathing.))
((You are cold-blooded and may be slowed by cold attacks.))


Message History

The killer bee stings you but does no damage.
You block the killer bee's attack.
You closely miss the killer bee. You slash the killer bee!
The killer bee looks as sick as possible!
The killer bee stings you but does no damage. x6
You closely miss the killer bee. x2; The killer bee barely misses you.
The killer bee stings you but does no damage. x4
The killer bee barely misses you.
You hit the killer bee.
The killer bee is lightly wounded.
You slash the killer bee!
You kill the killer bee!
The queen bee seems to regain its courage.
The killer bee stings you but does no damage. x2
The killer bee stings you.
* * * LOW HITPOINT WARNING * * *
You closely miss the killer bee.
The killer bee is lightly wounded.
The killer bee stings you!
You die...

*, , ,, * #%..
#.........,
*#<.. ,**
+.y....... #...
, *#........%
#... ,
#......... *
,#... #%........
,.... *
#..[.%.... *
#... *
#†y†...... #...
#♣## * * ####
##..######## *
** #..........#
, , +..........#
* , **
#..........# *,
* #..........# ,
#......†...### ,
#..........'.#*,
,
#..........#..#


You could see a queen bee and a killer bee (berserk).

Vanquished Creatures
  A shadow (D:8)
  15 yaks
  2 basilisks (D:7)
  A water moccasin (D:8)
  3 porcupines (D:7)
  A necrophage (D:9)
  5 ogres
  A crocodile (D:7)
  4 big kobolds
  2 bullfrogs
  An elf zombie (Ossuary)
  3 scorpions
  23 killer bees (D:9)
  4 crimson imps
  A bullfrog zombie (D:8)
  A lava snake (D:7)
  2 jellies
  A gnoll shaman (D:5)
  A hound (D:8)
  A human zombie (Ossuary)
  7 orc wizards
  3 orc priests
  A centaur skeleton (D:8)
  2 iguanas
  A worker ant (D:6)
  A big kobold zombie (Ossuary)
  2 hound zombies (Ossuary)
  4 mummies (Ossuary)
  8 gnolls
  2 adders
  2 shadow imps
  An adder zombie (Ossuary)
  2 adder skeletons
  2 worms (D:2)
  3 dart slugs
  5 leopard geckos
  21 orcs
  2 goblins
  8 hobgoblins
  2 jackals (D:1)
  4 quokkas
  2 ball pythons
  6 bats
  2 frilled lizards (D:1)
  3 hobgoblin zombies (Ossuary)
  A jackal zombie (Ossuary)
  19 kobolds
  2 kobold zombies (Ossuary)
  A quokka zombie (D:6)
  6 rats
198 creatures vanquished.

Vanquished Creatures (others)
  A bush (D:7)
  4 fungi (D:7)
  13 plants (D:7)
18 creatures vanquished.

Grand Total: 216 creatures vanquished

Notes
Turn   | Place    | Note
-------+----------+-------------------------------------------
     0 | D:1      | KristoblXynda the Draconian Skald began the quest for the
                  | Orb.
     0 | D:1      | Reached XP level 1. HP: 17/17 MP: 3/3
   272 | D:1      | Reached XP level 2. HP: 23/24 MP: 5/5
   806 | D:2      | Reached XP level 3. HP: 22/29 MP: 6/6
   942 | D:2      | Reached skill level 3 in Axes
  1060 | D:2      | Found a shattered altar of Ashenzari.
  1067 | D:2      | Became a worshipper of Ashenzari the Shackled
  1339 | D:2      | Found an ornate altar of the Wu Jian Council.
  1341 | D:2      | Found a sacrificial altar of Ru.
  1519 | D:2      | Reached XP level 4. HP: 19/36 MP: 7/7
  2361 | D:3      | Found a sparkling altar of Nemelex Xobeh.
  2440 | D:3      | Reached XP level 5. HP: 29/41 MP: 8/8
  2526 | D:3      | Reached skill level 4 in Axes
  2669 | D:3      | Found a sparkling altar of Nemelex Xobeh.
  3083 | D:4      | Found a sand-covered staircase.
  3091 | Ossuary  | Entered an ossuary
  3241 | Ossuary  | Reached XP level 6. HP: 15/48 MP: 9/9
  3348 | Ossuary  | Reached skill level 5 in Axes
  3994 | D:4      | Found a shadowy altar of Dithmenos.
  4462 | D:5      | Entered Level 5 of the Dungeon
  4510 | D:5      | Your scales start taking on a dull iron-grey colour.
  4510 | D:5      | Reached XP level 7. HP: 50/55 MP: 10/10
  4510 | D:5      | Gained mutation: You can survive without breathing. [Grey
                  | Draconian growth]
  4673 | D:5      | Reached skill level 6 in Axes
  5023 | D:5      | Found a snail-covered altar of Cheibriados.
  5039 | D:5      | Found a bloodstained altar of Trog.
  5185 | D:5      | Found a stormy altar of Qazlal.
  5283 | D:5      | Noticed a yak
  5285 | D:5      | Noticed a yak
  5285 | D:5      | Noticed a yak
  5286 | D:5      | Noticed a yak
  5286 | D:5      | Noticed a yak
  5314 | D:5      | Killed a yak
  5326 | D:5      | Killed a yak
  5326 | D:5      | Reached skill level 5 in Charms
  5326 | D:5      | Reached XP level 8. HP: 53/61 MP: 11/11
  5331 | D:5      | Reached skill level 7 in Axes
  5605 | D:5      | Reached skill level 5 in Dodging
  5953 | D:5      | Reached * piety under Ashenzari
  5972 | D:5      | Found a stormy altar of Qazlal.
  6325 | D:6      | Found a shimmering blue altar of Sif Muna.
  6347 | D:6      | Identified Sif Muna's Collected Works on Transmutation
  6572 | D:6      | Found a basalt altar of Yredelemnul.
  6580 | D:6      | Reached skill level 8 in Axes
  6790 | D:6      | Reached skill level 1 in Evocations
  7220 | D:7      | Reached XP level 9. HP: 44/67 MP: 12/12
  7933 | D:7      | Learned a level 3 spell: Regeneration
  7964 | D:7      | Found a staircase to the Lair.
  8054 | D:7      | Found an ancient bone altar of Kikubaaqudgha.
  8055 | D:7      | Found a blossoming altar of Fedhas.
  8063 | D:7      | Found Gur Ciopt's Distillery.
  8069 | D:7      | Bought a potion of lignification for 33 gold pieces
  8069 | D:7      | Bought a potion of lignification for 33 gold pieces
  8110 | D:7      | Reached ** piety under Ashenzari
  8124 | D:7      | Found a glowing silver altar of Zin.
  8173 | D:7      | Reached skill level 9 in Axes
  8397 | D:7      | Found Cioregg's Jewellery Shop.
  8634 | D:7      | Reached skill level 1 in Shields
  8642 | D:7      | Found a staircase to the Ecumenical Temple.
  8788 | Temple   | Entered the Ecumenical Temple
  9105 | D:8      | Found a shimmering altar of Xom.
  9105 | D:8      | Found a shimmering altar of Xom.
  9105 | D:8      | Found a shimmering altar of Xom.
  9105 | D:8      | Found a shimmering altar of Xom.
  9105 | D:8      | Found a shimmering altar of Xom.
  9107 | D:8      | Found a shimmering altar of Xom.
  9107 | D:8      | Found a shimmering altar of Xom.
  9107 | D:8      | Found a shimmering altar of Xom.
  9110 | D:8      | Found a shimmering altar of Xom.
  9110 | D:8      | Found a shimmering altar of Xom.
  9148 | D:8      | Found Jetsadimp's Assorted Antiques.
  9162 | D:8      | Found Wuaxt's Book Emporium.
  9222 | D:8      | Reached XP level 10. HP: 73/73 MP: 13/13
  9376 | D:8      | Noticed a two-headed ogre
  9592 | D:8      | Found Ygaamos's Magic Scroll Shoppe.
  9599 | D:8      | Bought a scroll of brand weapon for 280 gold pieces
  9686 | D:8      | Found a runed translucent gate.
  9687 | D:8      | Found a runed translucent gate.
  9688 | D:8      | Found a runed translucent gate.
  9690 | D:8      | Noticed Beaer's ghost (novice VSRg)
 10369 | D:8      | Noticed a shining eye
 10370 | D:8      | Noticed a salamander
 10915 | D:9      | Reached skill level 10 in Axes
 10922 | D:9      | HP: 5/109 [killer bee (6)]
 10928 | D:9      | Slain by a killer bee

Skill      XL: |  1  2  3  4  5  6  7  8  9 10 |
---------------+-------------------------------+-----
Charms         | 3 4 5 6 7 8 |  8.0
Axes           | 3 4 5 6 8 9 10 | 10.0
Dodging        | 3 4 5 7 |  7.8
Evocations     | 2 3 |  3.6
Shields        | 1 4 |  4.0
Fighting       | |  2.1
Spellcasting   | |  2.0

Action                   |  1- 3 |  4- 6 |  7- 9 | 10-12 || total
-------------------------+-------+-------+-------+-------++-------
Melee: Hand axe          |   121 |   191 |   290 |    40 ||   642
       Tailslap          |    12 |    25 |    45 |    14 ||    96
       War axe           |       |       |       |   150 ||   150
Invok: Curse Item        |       |     1 |     3 |       ||     4
Evoke: Wand              |       |     6 |    10 |       ||    16
  Use: Scroll            |     1 |    11 |     6 |     5 ||    23
       Potion            |       |     1 |     3 |     9 ||    13
 Stab: Sleeping          |     1 |       |       |       ||     1
       Paralysed         |       |       |    14 |       ||    14
  Eat: Chunk             |     2 |     5 |     8 |       ||    15
       Ration            |       |     2 |     2 |     1 ||     5
Armor: Skin              |    32 |    70 |    79 |   178 ||   359
Dodge: Dodged            |    90 |   132 |   127 |   165 ||   514
Block: Buckler           |       |       |     3 |    64 ||    67
